 Dungeon Crawl Stone Soup version 0.27.0-1-g7a089689b8 (webtiles) character file.

Game seed: 6005994423235069385

177 Fv001 the Bolt Thrower (level 5, -1/39 (40) HPs)
             Began as a Formicid Hunter on July 31, 2021.
             Killed from afar by a deep elf pyromancer (40 damage)
             ... with a bolt of fire
             ... on level 15 of the Dungeon.
             The game lasted 00:13:46 (3497 turns).

Fv001 the Bolt Thrower (Formicid Hunter)            Turns: 3497, Time: 00:13:46

HP:   -1/39 (40)    AC: 12    Str: 17    XL:     5   Next: 87%
MP:   5/5           EV: 10    Int: 11    God:
Gold: 1125          SH:  0    Dex: 11    Spells: 4/4 levels left

rFire    . . .     SeeInvis +   b - +0 short sword
rCold    . . .     Faith    .   (no shield)
rNeg     + . .     Spirit   .   i - +1 scale mail
rPois    .         Reflect  .   (helmet unavailable)
rElec    .         Harm     .   (no cloak)
rCorr    .         Rampage  .   h - +0 pair of gloves
Will     .....                  (no boots)
Stlth    ..........             (no amulet)
HPRegen  0.13/turn              c - ring of positive energy
MPRegen  0.09/turn              f - +4 ring of protection

@: lightly drained
A: permanent stasis, dig shafts and tunnels, antennae 3, four strong arms
a: Dig, Shaft Self


You were on level 15 of the Dungeon.
You visited 1 branch of the dungeon, and saw 10 of its levels.

You collected 1125 gold pieces.

Inventory:

Hand Weapons
 a - a +1 hand crossbow
 b - a +0 short sword (weapon)
Missiles
 d - 4 bolts
Armour
 h - a +0 pair of gloves (worn)
 i - a +1 scale mail (worn)
Jewellery
 c - a ring of positive energy (left hand)
 f - a +4 ring of protection (right hand)
Scrolls
 e - 2 scrolls of enchant armour
 k - a scroll of acquirement
 m - a scroll of fog
Potions
 g - a potion of cancellation
 j - a potion of attraction


   Skills:
 + Level 2.8 Fighting
 + Level 2.2(2.6) Short Blades
 * Level 1.9(2.4) Long Blades
 + Level 5.0 Crossbows
 + Level 1.1 Armour
 + Level 2.2 Dodging
 + Level 1.3 Stealth


You had 4 spell levels left.
You didn't know any spells.
Your spell library was empty.

Dungeon Overview and Level Annotations

Branches:
Dungeon (6/15)
 Temple: D:4-7

Altars:

Annotations:
D:11 Psyche


Innate Abilities, Weirdness & Mutations

You cannot be hasted, slowed, berserked, paralysed or teleported.
You can dig through walls and to a lower floor.
You have a pair of large antennae on your head. (SInv)
Your four strong arms can wield two-handed weapons with a shield.


Message History

You dig through the rock wall.
You dig through the rock wall.
The orc wizard mumbles some strange words.
The orc wizard flickers and vanishes for a moment.
You dig through the rock wall.
Are you sure you want to shaft yourself?
You begin to dig a shaft.
You continue digging a shaft.
A shaft appears beneath you!
You fall into a shaft and drop 2 floors!
The shaft crumbles and collapses.
Beware, you cannot shaft yourself on this level.
Unknown command.
You start resting.
You sense a monster nearby.
You retract your mandibles.
Something unseen opens the door.
You start resting.
HP restored.
You sense a monster nearby.
A deep elf pyromancer comes into view. It is wielding a +0 short sword.
The deep elf pyromancer shouts!
You extend your mandibles.
You dig through the rock wall.
Found 15 gold pieces.
You retract your mandibles.
You extend your mandibles.
You dig through the rock wall.
You dig through the rock wall.
You dig through the rock wall.
You dig through the rock wall.
You dig through the rock wall.
You dig through the rock wall.
You dig through the rock wall.
You dig through the rock wall.
You retract your mandibles.
Found a stone staircase leading up.
The deep elf pyromancer casts a spell at you.
The bolt of fire hits you!!!
Ouch! That really hurt!
You die...

# #. #<#. # #.#.####
#.#......# .......# {
#.....# #.....# {
#...@.# #.....####
#+#+##
#.....#..#####.#..
#.....e##.#.#..#.#
#........#e#.#.#.###.
#.....##.#####.......
########+# ###.####
#....... { #.#####.


You could see a deep elf pyromancer.

Vanquished Creatures
  An orc wizard (D:3)
  Robin (D:2)
  3 adders (D:2)
  A white imp (D:5)
  An ufetubus (D:4)
  2 dart slugs
  5 orcs (D:3)
  5 bats
  8 endoplasms
  4 giant cockroaches
  9 hobgoblins
  8 kobolds
  6 quokkas
  6 ball pythons
  7 frilled lizards
  17 goblins
  3 rats
87 creatures vanquished.

Vanquished Creatures (others)
  A fungus (D:8)
  2 withered plants (D:3)
3 creatures vanquished.

Grand Total: 90 creatures vanquished

Notes
Turn   | Place    | Note
-------+----------+-------------------------------------------
     0 | D:1      | Fv001 the Formicid Hunter began the quest for the Orb.
     0 | D:1      | Reached XP level 1. HP: 16/16 MP: 1/1
   119 | D:1      | Reached XP level 2. HP: 22/22 MP: 2/2
   519 | D:1      | Reached XP level 3. HP: 23/28 MP: 3/3
  1153 | D:2      | Reached skill level 1 in Long Blades
  1177 | D:2      | Identified a scroll of acquirement
  1177 | D:2      | Acquired 1033 gold pieces
  1515 | D:2      | Reached XP level 4. HP: 34/34 MP: 4/4
  1578 | D:2      | Noticed Robin
  1600 | D:2      | Killed Robin
  1601 | D:2      | Reached skill level 1 in Short Blades
  1905 | D:2      | Found a faded altar of an unknown god.
  2020 | D:2      | Reached XP level 5. HP: 39/39 MP: 5/5
  2587 | D:3      | Reached skill level 1 in Armour
  2673 | D:3      | You fall into a shaft and drop 2 floors!
  2673 | D:5      | Entered Level 5 of the Dungeon
  2831 | D:5      | Reached skill level 5 in Crossbows
  3121 | D:3      | You fall into a shaft and drop 3 floors!
  3157 | D:6      | Noticed a phantom
  3197 | D:6      | You fall into a shaft and drop 2 floors!
  3197 | D:8      | Noticed a komodo dragon
  3199 | D:8      | Noticed a bullfrog
  3203 | D:8      | You fall into a shaft and drop 3 floors!
  3203 | D:11     | Noticed a human
  3203 | D:11     | Noticed a human
  3203 | D:11     | Noticed a human
  3203 | D:11     | Noticed a human
  3203 | D:11     | Noticed a human
  3203 | D:11     | Noticed a human
  3203 | D:11     | Noticed Psyche
  3203 | D:11     | Noticed a human
  3208 | D:11     | You fall into a shaft and drop 2 floors!
  3208 | D:13     | Noticed a slime creature
  3214 | D:13     | You fall into a shaft and drop 2 floors!
  3214 | D:15     | Entered Level 15 of the Dungeon
  3473 | D:15     | Noticed a deep elf pyromancer
  3497 | D:15     | Killed from afar by a deep elf pyromancer

Illustrated notes

Levels and vault maps discovered:
D:1:      kilobyte_arrival_exit_the_forest, layout_basic,
          minmay_tree_intersection
D:2:      layout_basic, chequers_ecumenical_altar_simple, uniq_robin
D:3:      layout_rooms, serial_undead, serial_undead_e, serial_undead_b,
          serial_undead_d, serial_undead_e, minmay_fractal_squares_diagonal_5
D:4:      layout_basic, serial_shops, nicolae_shop_trees,
          kennysheep_generic_room_12, uniq_grinder
D:5:      layout_basic, nzn_hepliaklqana_mist_gate, temple_hall,
          uniq_blork_the_orc
D:6:      layout_layer_cave, lemuel_doored_altar
D:8:      layout_basic, mainiacjoe_overflow_alcove_4,
          grunt_lair_entry_orc_guard_hut, serial_shops, shop,
          chequers_serial_rivers_small_3
D:11:     erik_cavepeople, layout_loops_corners, minmay_orc_entry_guard_dogs,
          enter_bailey_6
D:13:     layout_layer_cave, david_vaults_3
D:15:     grunt_enter_depths_magical_seal, layout_basic, serial_glass,
          glass_columns_a, glass_columns_c, gammafunk_ghost_split,
          hangedman_parallel_progression

Skill      XL: |  1  2  3  4  5 |
---------------+----------------+-----
Dodging        | 2 |  2.2
Long Blades    | 1 |  1.9
Short Blades   | 1 2 |  2.2
Armour         | 1 |  1.1
Crossbows      | 5 |  5.0
Fighting       | |  2.8
Stealth        | |  1.3

Action                   |  1- 3 |  4- 6 || total
-------------------------+-------+-------++-------
Melee: Short sword       |    35 |   130 ||   165
 Fire: Hand crossbow     |    45 |    59 ||   104
 Abil: Dig               |       |    10 ||    10
       Shaft Self        |       |     5 ||     5
  Use: Scroll            |     6 |     4 ||    10
       Potion            |       |     4 ||     4
Armor: Leather armour    |     1 |       ||     1
       Scale mail        |    16 |    56 ||    72
Dodge: Dodged            |    27 |    78 ||   105
